TEX
FRISCO ROUGHRIDERS @ TULSA DRILLERS
07/07/2099
 
TOP OF THE 1ST
Frisco RoughRiders batting - Pitching for Tulsa Drillers : RHP Bobby Judd
Pitching: RHP Bobby Judd
Batting: LHB Jose Mejia 0-0: Called Strike
0-1: Fly out, F9 (Flyball, 89S, EV 93.1 MPH)
Batting: RHB Jason Perilli 0-0: Ball
1-0: Ball
2-0: Called Strike
2-1: SINGLE (Line Drive, 6D, EV 103.8 MPH)
Batting: SHB Pablo Cuevas 0-0: Called Strike
0-1: Ball
1-1: Called Strike
Jason Perilli steals 2nd base
1-2: Ball
2-2: Foul Ball, location: 25FF
2-2: Foul Ball, location: 23F
2-2: Ball
3-2: Foul Ball, location: 2F
3-2: Ground out 6-3 (Groundball, 6, EV 92.5 MPH)
Jason Perilli to third
Batting: LHB Paul Rodriguez 0-0: Ball
1-0: Foul Ball, location: 23FF
1-1: Ground out U3 (Groundball, 13, EV 87.5 MPH)
Top of the 1st over - 0 runs, 1 hit, 0 errors, 1 left on base; Frisco 0 - Tulsa 0
BOTTOM OF THE 1ST
Tulsa Drillers batting - Pitching for Frisco RoughRiders : RHP Arturo Segura
Pitching: RHP Arturo Segura
Batting: LHB Tim Moore 0-0: Ball
1-0: Called Strike
1-1: SOLO HOME RUN (Flyball, 7D, EV 91.9 MPH), Distance : 354 ft
Batting: LHB Mike Saunders 0-0: Swinging Strike
0-1: Ball
1-1: Swinging Strike
1-2: Strikes out looking
Batting: RHB Matt Pettit 0-0: Fly out, F9 (Flyball, 89D, EV 92.5 MPH)
Batting: LHB Russ Henson 0-0: Ball
1-0: SINGLE (Line Drive, 56D, EV 106.9 MPH)
Batting: LHB Greg Schlitt 0-0: Ball
1-0: Foul Ball, location: 23F
1-1: Fly out, F6 (Popup, 6M, EV 57.5 MPH)
Bottom of the 1st over - 1 run, 2 hits, 0 errors, 1 left on base; Frisco 0 - Tulsa 1
TOP OF THE 2ND
Frisco RoughRiders batting - Pitching for Tulsa Drillers : RHP Bobby Judd
Batting: RHB Mark Bray 0-0: Ball
1-0: Called Strike
1-1: Ball
2-1: SINGLE (Line Drive, 6MD, EV 94.4 MPH)
Batting: RHB Aaron Cote 0-0: Sac Bunt to 25 - play at second, runner OUT! 5-6
Batting: LHB Jaden White 0-0: Ball
1-0: Called Strike
1-1: DOUBLE (Groundball, 3L, EV 97.5 MPH)
Aaron Cote to third
Runner from 3rd tries for Home, SAFE, no throw by RF
Batting: RHB Joe Keyser 0-0: Foul Ball, location: 2F
0-1: Swinging Strike
0-2: Ball
1-2: Strikes out looking
Batting: RHB Edgar Rodriguez 0-0: Ball
1-0: Swinging Strike
1-1: Ball
2-1: Foul Ball, location: 2F
2-2: Foul Ball, location: 3DF
2-2: Foul Ball, location: 2F
2-2: Strikes out swinging
Top of the 2nd over - 1 run, 2 hits, 0 errors, 1 left on base; Frisco 1 - Tulsa 1
BOTTOM OF THE 2ND
Tulsa Drillers batting - Pitching for Frisco RoughRiders : RHP Arturo Segura
Batting: RHB Ryan Gaines 0-0: Called Strike
0-1: Ball
1-1: Fly out, F8 (Flyball, 89D, EV 107.5 MPH)
Batting: LHB Aaron Himebauch 0-0: Fly out, F7 (Flyball, 7D, EV 85.6 MPH)
Batting: RHB Mike Buckner 0-0: Ball
1-0: Called Strike
1-1: Foul Ball, location: 2F
1-2: SINGLE (Line Drive, 3D, EV 106.3 MPH)
Batting: RHB Jordan Saray 0-0: Ball
1-0: Fly out, F7 (Flyball, 7D, EV 95.0 MPH)
Bottom of the 2nd over - 0 runs, 1 hit, 0 errors, 1 left on base; Frisco 1 - Tulsa 1
TOP OF THE 3RD
Frisco RoughRiders batting - Pitching for Tulsa Drillers : RHP Bobby Judd
Batting: LHB Jose Mejia 0-0: Called Strike
0-1: Fly out, F9 (Line Drive, 89M, EV 93.1 MPH)
Batting: RHB Jason Perilli 0-0: Foul Ball, location: 2F
0-1: Ball
1-1: Foul Ball, location: 5FF
1-2: Fly out, F8 (Flyball, 89M, EV 75.0 MPH)
Batting: SHB Pablo Cuevas 0-0: Ball
1-0: Ball
2-0: Foul Ball, location: 3F
2-1: Swinging Strike
2-2: Ground out 6-3 (Groundball, 6, EV 83.8 MPH)
Top of the 3rd over - 0 runs, 0 hits, 0 errors, 0 left on base; Frisco 1 - Tulsa 1
BOTTOM OF THE 3RD
Tulsa Drillers batting - Pitching for Frisco RoughRiders : RHP Arturo Segura
Batting: LHB Tim Moore 0-0: Foul Ball, location: 2F
0-1: Ball
1-1: Ball
2-1: Foul Ball, location: 5SF
2-2: SINGLE (Groundball, 15, EV 69.4 MPH) (infield hit)
Batting: LHB Mike Saunders 0-0: Called Strike
0-1: Ball
1-1: Ball
2-1: Foul Ball, location: 23F
2-2: Grounds into double play, 4-6-3 (Groundball, 4, EV 108.1 MPH)
Batting: RHB Matt Pettit 0-0: Swinging Strike
0-1: Called Strike
0-2: Ball
1-2: Strikes out swinging
Bottom of the 3rd over - 0 runs, 1 hit, 0 errors, 0 left on base; Frisco 1 - Tulsa 1
TOP OF THE 4TH
Frisco RoughRiders batting - Pitching for Tulsa Drillers : RHP Bobby Judd
Batting: LHB Paul Rodriguez 0-0: Called Strike
0-1: Ball
1-1: DOUBLE (Groundball, 3L, EV 110.6 MPH)
Batting: RHB Mark Bray 0-0: Intentional Walk
Batting: RHB Aaron Cote 0-0: Ball
1-0: Ball
2-0: Reached on error, E5 (Groundball, 5S, EV 0.0 MPH)
Paul Rodriguez to third
Mark Bray to second
Batting: LHB Jaden White 0-0: Ball
1-0: Foul Ball, location: 3F
1-1: Foul Ball, location: 23F
1-2: Ball
2-2: Ball
3-2: Foul Ball, location: 9LSF
3-2: Foul Ball, location: 3FF
3-2: SINGLE (Groundball, 6MD, EV 98.8 MPH)
Paul Rodriguez scores
Mark Bray to third
Aaron Cote to second
Runner from 3rd tries for Home, SAFE, throw by CF to home
Batting: RHB Joe Keyser 0-0: Called Strike
0-1: Bunt missed!
0-2: Foul Ball, location: 2F
0-2: Foul Ball, location: 3F
0-2: Fielders Choice at 2nd, 6-4 (Groundball, 6, EV 86.3 MPH)
Aaron Cote to third
Batting: RHB Edgar Rodriguez 0-0: Foul Ball, location: 7LSFF
0-1: Called Strike
0-2: Foul Ball, location: 2F
0-2: Hit by Pitch
Joe Keyser to second
Batting: LHB Jose Mejia 0-0: Ball
1-0: Swinging Strike
1-1: Called Strike
1-2: Ball
2-2: Foul Ball, location: 2F
2-2: Foul Ball, location: 2F
2-2: Ball
3-2: Foul Ball, location: 23F
3-2: Strikes out looking
Batting: RHB Jason Perilli 0-0: Called Strike
0-1: Ball
1-1: Foul Ball, location: 2F
1-2: Fly out, F7 (Flyball, 78M, EV 93.1 MPH)
Top of the 4th over - 2 runs, 2 hits, 1 error, 3 left on base; Frisco 3 - Tulsa 1
BOTTOM OF THE 4TH
Tulsa Drillers batting - Pitching for Frisco RoughRiders : RHP Arturo Segura
Batting: LHB Russ Henson 0-0: Swinging Strike
0-1: Fly out, F9 (Flyball, 9D, EV 110.6 MPH)
Batting: LHB Greg Schlitt 0-0: Ball
1-0: Ball
2-0: Called Strike
2-1: Foul Ball, location: 3SF
2-2: Foul Ball, location: 9LDF
2-2: Hit by Pitch
Batting: RHB Ryan Gaines 0-0: Called Strike
0-1: Called Strike
0-2: SINGLE (Flyball, 56D, EV 90.6 MPH)
Greg Schlitt to second
Batting: LHB Aaron Himebauch 0-0: Ball
1-0: Grounds into double play, 4-6-3 (Groundball, 4, EV 88.1 MPH)
Bottom of the 4th over - 0 runs, 1 hit, 0 errors, 1 left on base; Frisco 3 - Tulsa 1
TOP OF THE 5TH
Frisco RoughRiders batting - Pitching for Tulsa Drillers : RHP Bobby Judd
Batting: SHB Pablo Cuevas 0-0: Called Strike
0-1: Swinging Strike
0-2: Ball
1-2: Ball
2-2: Strikes out looking
Batting: LHB Paul Rodriguez 0-0: SINGLE (Flyball, 4D, EV 90.6 MPH)
Batting: RHB Mark Bray 0-0: Swinging Strike
0-1: Ball
1-1: Fly out, F7 (Flyball, 7D, EV 110.6 MPH)
Batting: RHB Aaron Cote 0-0: Ball
1-0: Ball
2-0: Ball
3-0: Called Strike
3-1: Base on Balls
Paul Rodriguez to second
Batting: LHB Jaden White 0-0: Called Strike
0-1: Ball
1-1: Ball
2-1: SINGLE (Line Drive, 6M, EV 101.9 MPH)
Paul Rodriguez to third
Aaron Cote to second
Runner from 3rd tries for Home, SAFE, throw by CF to home
Batting: RHB Joe Keyser 0-0: Called Strike
0-1: Foul Ball, location: 9LSF
0-2: SINGLE (Groundball, 56D, EV 106.9 MPH)
Aaron Cote to third
Jaden White to second
Runner from 3rd tries for Home, SAFE, throw by LF to home
Pitching: LHP Edwin Vazquez
Batting: RHB Edgar Rodriguez 0-0: Ground out 4-3 (Groundball, 34D, EV 107.5 MPH)
Top of the 5th over - 2 runs, 3 hits, 0 errors, 2 left on base; Frisco 5 - Tulsa 1
BOTTOM OF THE 5TH
Tulsa Drillers batting - Pitching for Frisco RoughRiders : RHP Arturo Segura
Batting: RHB Mike Buckner 0-0: Ball
1-0: Ball
2-0: Foul Ball, location: 9LMF
2-1: Ball
3-1: Fly out, F8 (Line Drive, 8LM, EV 110.6 MPH)
Batting: RHB Jordan Saray 0-0: Called Strike
0-1: Ball
1-1: Ground out 5-3 (Groundball, 5, EV 104.4 MPH)
Batting: LHB Tim Moore 0-0: Fly out, F8 (Flyball, 8RD, EV 108.8 MPH)
Bottom of the 5th over - 0 runs, 0 hits, 0 errors, 0 left on base; Frisco 5 - Tulsa 1
TOP OF THE 6TH
Frisco RoughRiders batting - Pitching for Tulsa Drillers : LHP Edwin Vazquez
Batting: LHB Jose Mejia 0-0: Swinging Strike
0-1: Called Strike
0-2: Fly out, F8 (Line Drive, 89M, EV 105.0 MPH)
Batting: RHB Jason Perilli 0-0: Called Strike
0-1: Called Strike
0-2: SINGLE (Line Drive, 78S, EV 105.6 MPH)
Batting: SHB Pablo Cuevas 0-0: Called Strike
0-1: Ball
1-1: Called Strike
1-2: Grounds into double play, 5-4-3 (Groundball, 56, EV 101.3 MPH)
Top of the 6th over - 0 runs, 1 hit, 0 errors, 0 left on base; Frisco 5 - Tulsa 1
BOTTOM OF THE 6TH
Tulsa Drillers batting - Pitching for Frisco RoughRiders : RHP Arturo Segura
Batting: LHB Mike Saunders 0-0: Ball
1-0: Ball
2-0: Called Strike
2-1: Foul Ball, location: 2F
2-2: Foul Ball, location: 2F
2-2: Strikes out looking
Batting: RHB Matt Pettit 0-0: Fly out, F8 (Flyball, 8RD, EV 100.0 MPH)
Batting: LHB Russ Henson 0-0: Ball
1-0: Ball
2-0: Ball
3-0: Called Strike
3-1: Foul Ball, location: 5F
3-2: Foul Ball, location: 2F
3-2: SINGLE (Groundball, 5L, EV 83.1 MPH) (infield hit)
Batting: LHB Greg Schlitt 0-0: Foul Ball, location: 2F
0-1: Foul Ball, location: 3SF
0-2: Ball
1-2: Foul Ball, location: 25FF
1-2: Foul Ball, location: 3F
1-2: Ball
2-2: Ball
3-2: Fly out, F7 (Flyball, 78M, EV 93.1 MPH)
Bottom of the 6th over - 0 runs, 1 hit, 0 errors, 1 left on base; Frisco 5 - Tulsa 1
TOP OF THE 7TH
Frisco RoughRiders batting - Pitching for Tulsa Drillers : LHP Edwin Vazquez
Batting: LHB Paul Rodriguez 0-0: Fly out, F1 (Line Drive, P, EV 74.4 MPH)
Batting: RHB Mark Bray 0-0: Called Strike
0-1: SINGLE (Line Drive, 5D, EV 98.8 MPH)
Batting: RHB Aaron Cote 0-0: SINGLE (Line Drive, 56D, EV 95.0 MPH)
Mark Bray to second
Batting: LHB Jaden White 0-0: Ball
1-0: Called Strike
1-1: Called Strike
1-2: Ball
2-2: Foul Ball, location: 9LMFF
2-2: Ball
3-2: Strikes out swinging
Batting: RHB Joe Keyser 0-0: Called Strike
0-1: Foul Ball, location: 2F
0-2: Ball
1-2: Ball
2-2: Ball
3-2: Foul Ball, location: 2F
3-2: Foul Ball, location: 9LDF
3-2: Ground out 3-1 (Groundball, 34, EV 104.4 MPH)
Top of the 7th over - 0 runs, 2 hits, 0 errors, 2 left on base; Frisco 5 - Tulsa 1
BOTTOM OF THE 7TH
Tulsa Drillers batting - Pitching for Frisco RoughRiders : RHP Arturo Segura
Batting: RHB Ryan Gaines 0-0: SINGLE (Line Drive, 56D, EV 100.6 MPH)
Batting: LHB Aaron Himebauch 0-0: Foul Ball, location: 2F
0-1: Ball
1-1: Foul Ball, location: 7LDF
1-2: Fly out, F8 (Flyball, 8LM, EV 88.1 MPH)
Pinch Hitting: LHB Blake Marez 0-0: Called Strike
0-1: Hit by Pitch
Ryan Gaines to second
Batting: RHB Jordan Saray 0-0: Ball
Wild Pitch!
Ryan Gaines to third
Blake Marez to second
1-0: Ball
2-0: Ball
3-0: Called Strike
3-1: Base on Balls
Batting: LHB Tim Moore 0-0: Swinging Strike
0-1: Foul Ball, location: 5DF
0-2: Ball
1-2: Ball
2-2: Fly out, F7 (Flyball, 7, EV 88.8 MPH)
Runner from 3rd tags up, SCORES, throw by LF
Blake Marez to third
Batting: LHB Mike Saunders 0-0: Foul Ball, location: 3FF
0-1: SINGLE (Groundball, 4MD, EV 95.6 MPH)
Blake Marez scores
Jordan Saray to second
Runner from 2nd tries for 3rd, SAFE, throw by CF made to third
Batting: RHB Matt Pettit 0-0: Ball
1-0: Called Strike
1-1: Ball
2-1: Fly out, F8 (Flyball, 8LXD, EV 106.3 MPH)
Bottom of the 7th over - 2 runs, 2 hits, 0 errors, 2 left on base; Frisco 5 - Tulsa 3
TOP OF THE 8TH
Frisco RoughRiders batting - Pitching for Tulsa Drillers : LHP Edwin Vazquez
Now at 2B: Luis Flores
Batting: RHB Edgar Rodriguez 0-0: Ball
1-0: Ball
2-0: Ball
3-0: Base on Balls
Pitching: RHP Ralph Spiteri
Batting: LHB Jose Mejia 0-0: Fly out, F3 (Line Drive, 3L, EV 71.9 MPH)
Lined into DP, U3 (Line Drive, 3L, EV 71.9 MPH)
Batting: RHB Jason Perilli 0-0: Ball
1-0: Called Strike
1-1: Called Strike
1-2: Strikes out swinging
Top of the 8th over - 0 runs, 0 hits, 0 errors, 0 left on base; Frisco 5 - Tulsa 3
BOTTOM OF THE 8TH
Tulsa Drillers batting - Pitching for Frisco RoughRiders : RHP Arturo Segura
Pitching: RHP Carlos Figueroa
Batting: LHB Russ Henson 0-0: Ball
1-0: Called Strike
1-1: Ball
2-1: Foul Ball, location: 7LMF
2-2: Fly out, F4 (Popup, 3D, EV 53.8 MPH)
Batting: LHB Greg Schlitt 0-0: Called Strike
0-1: Called Strike
0-2: Ball
1-2: Foul Ball, location: 9LMF
1-2: Foul Ball, location: 7LSF
1-2: Ball
2-2: Ground out 5-3 (Groundball, 56S, EV 70.6 MPH)
Pinch Hitting: LHB Marc Schultz 0-0: Foul Ball, location: 23F
0-1: Swinging Strike
0-2: Ground out U3 (Groundball, 3S, EV 80.6 MPH)
Bottom of the 8th over - 0 runs, 0 hits, 0 errors, 0 left on base; Frisco 5 - Tulsa 3
TOP OF THE 9TH
Frisco RoughRiders batting - Pitching for Tulsa Drillers : RHP Ralph Spiteri
Now at 2B: Joe Jarosz
Now at 3B: Luis Flores
Batting: SHB Pablo Cuevas 0-0: Ball
1-0: Fly out, F5 (Popup, 56S, EV 88.1 MPH)
Batting: LHB Paul Rodriguez 0-0: Foul Ball, location: 9LMF
0-1: Ball
1-1: Ground out 1-3 (Groundball, P, EV 73.8 MPH)
Batting: RHB Mark Bray 0-0: Ball
1-0: SOLO HOME RUN (Flyball, 89XD, EV 98.8 MPH), Distance : 406 ft
Batting: RHB Aaron Cote 0-0: Ball
1-0: Fly out, F8 (Flyball, 8RD, EV 106.3 MPH)
Top of the 9th over - 1 run, 1 hit, 0 errors, 0 left on base; Frisco 6 - Tulsa 3
BOTTOM OF THE 9TH
Tulsa Drillers batting - Pitching for Frisco RoughRiders : RHP Carlos Figueroa
Batting: LHB Aaron Himebauch 0-0: Ball
1-0: Swinging Strike
1-1: Called Strike
1-2: Foul Ball, location: 7LDF
1-2: Foul Ball, location: 7LSF
1-2: Foul Ball, location: 3FF
1-2: Foul Ball, location: 2F
1-2: SOLO HOME RUN (Flyball, 9LD, EV 95.0 MPH), Distance : 345 ft
Batting: RHB Luis Flores 0-0: Ball
1-0: Ball
2-0: Ball
3-0: Base on Balls
Batting: RHB Jordan Saray 0-0: Ball
1-0: Fly out, F7 (Flyball, 7S, EV 86.9 MPH)
Batting: LHB Tim Moore 0-0: Called Strike
0-1: SINGLE (Groundball, 4M, EV 83.8 MPH) (infield hit)
Luis Flores to second
Batting: LHB Mike Saunders 0-0: Called Strike
0-1: Called Strike
0-2: Ball
1-2: Fly out, F5 (Popup, 5SF, EV 78.1 MPH)
Batting: RHB Matt Pettit 0-0: Ball
1-0: Ground out 4-3 (Groundball, 4, EV 97.5 MPH)
Bottom of the 9th over - 1 run, 2 hits, 0 errors, 2 left on base; Frisco 6 - Tulsa 4
Saturday, May 11th , 2024 - OOTP Baseball 24.11 Build 85